 Dungeon Crawl Stone Soup version 0.30-a0-219-gf2db51d15e (webtiles) character file.

Game seed: 845912042641625107

567 brightshaft the Chopper (level 7, -5/91 HPs)
             Began as a Minotaur Berserker on Oct 8, 2022.
             Was a Priest of Trog.
             Slain by Pikel
             ... wielding a +2 whip of flaming
              (7 damage)
             ... on level 4 of the Dungeon.
             The game lasted 00:03:46 (2785 turns).

brightshaft the Chopper (Minotaur Berserker)        Turns: 2785, Time: 00:03:47

Health: -5/91      AC:  8    Str: 23    XL:     7   Next: 11%
Magic:  6/6        EV: 12    Int:  4    God:    Trog [***...]
Gold:   204        SH:  0    Dex: 16    Spells: 6/6 levels left

rFire   . . .      SeeInvis .    b - +0 war axe
rCold   . . .      Faith    .    (no shield)
rNeg    . . .      Spirit   .    q - +0 scale mail
rPois   .          Reflect  .    (helmet restricted)
rElec   .          Harm     .    (no cloak)
rCorr   .          Rampage  .    (no gloves)
Will    .....                    c - +0 pair of boots
Stlth   ..........               (no amulet)
HPRegen 0.35/turn                h - +6 ring of dexterity
MPRegen 0.10/turn                (no ring)

@: berserking (expiring), very quick
A: horns 2, retaliatory headbutt
a: Renounce Religion, Berserk, Trog's Hand


You were on level 4 of the Dungeon.
You worshipped Trog.
Trog was most pleased with you.
You visited 1 branch of the dungeon, and saw 4 of its levels.

You collected 204 gold pieces.

Inventory:

Hand Weapons
 a - a +1 hand axe
 b - a +0 war axe (weapon)
Missiles
 g - 14 poisoned darts (quivered)
 k - 3 boomerangs
 l - a throwing net
Armour
 c - a +0 pair of boots (worn)
 q - a +0 scale mail (worn)
Jewellery
 h - a +6 ring of dexterity (left hand)
 m - a ring of ice
Scrolls
 e - a scroll of teleportation {@r4}
 i - 2 scrolls of identify {@r1}
Potions
 d - 6 potions of curing {@q1}
 f - 4 potions of attraction {unknown}
 j - 3 potions of heal wounds {unknown}
 n - a potion of haste {unknown}
 o - a potion of lignification {unknown}
 p - a potion of degeneration {unknown}


   Skills:
 + Level 5.4 Fighting
 * Level 6.8 Axes
 + Level 4.7 Armour
 + Level 4.2 Dodging


You had 6 spell levels left.
You didn't know any spells.
Your spell library was empty.

Dungeon Overview and Level Annotations

Branches:
Dungeon (4/15)
 Temple: D:4-7

Altars:

Annotations:
D:4 2 runed translucent doors, Pikel


Innate Abilities, Weirdness & Mutations

You have a pair of horns on your head.
You reflexively headbutt those who attack you in melee.


Message History

Pikel burns you. The lemure hits you but does no damage. The lemure hits you.
The lemure hits you but does no damage. x2; Pikel completely misses you.
The lemure hits you but does no damage. x2; The lemure hits you. x2
* * * LOW HITPOINT WARNING * * *
Pikel cracks his whip.
Pikel hits you but does no damage. The lemure hits you but does no damage.
The lemure hits you.
* * * LOW HITPOINT WARNING * * *
The lemure hits you.
* * * LOW HITPOINT WARNING * * *
The lemure hits you but does no damage.
Pikel hits you with a +2 whip of flaming.
* * * LOW HITPOINT WARNING * * *
Pikel burns you.
* * * LOW HITPOINT WARNING * * *
You can move again.
You slash Pikel!
Pikel is almost dead.
You hit the lemure.
You closely miss the lemure. x2; You slash the lemure!
The lemure hits you but does no damage. The lemure hits you.
* * * LOW HITPOINT WARNING * * *
The lemure hits you.
* * * LOW HITPOINT WARNING * * *
The lemure closely misses you.
Pikel hits you with a +2 whip of flaming.
* * * LOW HITPOINT WARNING * * *
Pikel burns you.
* * * LOW HITPOINT WARNING * * *
You hit Pikel but do no damage. Your headbutt misses Pikel.
Pikel is almost dead.
You miss the lemure. You slice the lemure!! You slash the lemure!
You kill the lemure!
That felt strangely unrewarding.
You barely miss the lemure. The lemure hits you but does no damage.
The lemure barely misses you. x2
You furiously retaliate!
You headbutt the lemure!
You kill the lemure!
That felt strangely unrewarding.
Pikel hits you with a +2 whip of flaming!
You die...

..........# #.
...............########.
....#.................#.
.........##......####.#.
.........##....#......+.
.........###.#.#.#..#[#.
....#....# #.#.#.#.##.#.
......K55###.#.#.#....#.
#...@.+..............
##...)###.#.#........
#........#.#........
##.#.###.# #........
.+.#.# ### #........
..+.... #..#.####
...##...#######........
..# #.#.##.....#.#.####
.. #.#.##.....#.#.##..


You could see Pikel and 2 lemures.

Vanquished Creatures
  Sigmund (D:3)
  A black bear (D:4)
  2 lemures (D:4)
  2 scorpions (D:4)
  A gnoll bouda (D:4)
  A hound (D:4)
  Terence (D:3)
  3 gnolls (D:4)
  3 adders (D:3)
  A worm (D:2)
  3 dart slugs
  2 orcs
  3 ball pythons (D:3)
  9 bats
  4 endoplasms
  4 giant cockroaches
  5 hobgoblins
  4 jackals
  4 kobolds
  A quokka (D:3)
  3 frilled lizards
  5 goblins
  6 rats
69 creatures vanquished.

Notes
Turn   | Place    | Note
-------+----------+-------------------------------------------
     0 | D:1      | brightshaft the Minotaur Berserker began the quest for the
                  | Orb.
     0 | D:1      | Reached XP level 1. HP: 19/19 MP: 0/0
   177 | D:1      | Found a faded altar of an unknown god.
   210 | D:1      | Reached XP level 2. HP: 23/27 MP: 1/1
   290 | D:1      | Reached skill level 4 in Axes
   901 | D:2      | Reached ** piety under Trog
   984 | D:2      | Reached XP level 3. HP: 15/33 MP: 2/2
  1668 | D:3      | Noticed Sigmund
  1674 | D:3      | Killed Sigmund
  1675 | D:3      | Reached skill level 5 in Axes
  1675 | D:3      | Reached XP level 4. HP: 41/41 MP: 3/3
  1675 | D:3      | Reached XP level 5. HP: 47/47 MP: 4/4
  1850 | D:3      | Noticed Terence
  1860 | D:3      | Killed Terence
  2208 | D:3      | Reached *** piety under Trog
  2331 | D:4      | Reached XP level 6. HP: 55/55 MP: 5/5
  2334 | D:4      | Reached skill level 5 in Fighting
  2334 | D:4      | Reached skill level 6 in Axes
  2478 | D:4      | Reached XP level 7. HP: 47/61 MP: 6/6
  2768 | D:4      | Found a large runed translucent door.
  2768 | D:4      | Found a large runed translucent door.
  2768 | D:4      | Noticed Pikel
  2773 | D:4      | Paralysed by Pikel for 3 turns
  2778 | D:4      | Paralysed by Pikel for 5 turns
  2784 | D:4      | HP: 3/91 [Pikel/+2 whip of flaming (3)]
  2785 | D:4      | Slain by Pikel

Illustrated notes

Levels and vault maps discovered:
D:1:      scummos_arrival_checkerplants, layout_basic,
          ebering_ecumenical_altar_abandoned, roderic_nine_men_s_morris
D:2:      layout_basic
D:3:      layout_loops_ring, grunt_ministairs_13, uniq_terence, uniq_sigmund
D:4:      due_chaos_kobolds, layout_basic, uniq_pikel

Skill      XL: |  1  2  3  4  5  6 |
---------------+-------------------+-----
Axes           | 4 5 6 |  6.8
Fighting       | 4 5 |  5.4
Armour         | 3 4 |  4.7
Dodging        | 3 4 |  4.2

Action                   |  1- 3 |  4- 6 |  7- 9 || total
-------------------------+-------+-------+-------++-------
Melee: Hand axe          |    78 |    41 |       ||   119
       Headbutt          |    16 |    12 |     2 ||    30
       War axe           |       |    19 |     9 ||    28
Invok: Berserk           |     1 |     1 |     1 ||     3
  Use: Scroll            |     6 |     1 |       ||     7
Armor: Animal skin       |     5 |       |       ||     5
       Ring mail         |    15 |    12 |       ||    27
       Scale mail        |       |    10 |    26 ||    36
Dodge: Dodged            |    61 |    53 |    12 ||   126

Table legend: (Time is in decaauts)
 A = Elapsed time spent in this place.
 B = Non-inter-level travel time spent in this place.
 C = Inter-level travel time spent in this place.
 D = Time resting spent in this place.
 E = Time spent auto-exploring this place.
 F = Levels seen in this place.
 G = Mean time per level.
                   A        B        C        D        E       F      G
               +--------+--------+--------+--------+--------+-----+--------+
         Total |   2812 |   2697 |    115 |      0 |   2129 |   4 |  703.0 |
       Dungeon |   2812 |   2697 |    115 |      0 |   2129 |   4 |  703.0 |
               +--------+--------+--------+--------+--------+-----+--------+

Top non-repeatable levels by time:
     D:3: 890 daAuts
     D:1: 762 daAuts
     D:2: 672 daAuts
     D:4: 486 daAuts
